 Dungeon Crawl Stone Soup version 0.21.1-1-g345015fe64 (webtiles) character file.

532 Fascinator the Covered (level 7, -1/56 HPs)
             Began as a Gnoll Wanderer on July 24, 2018.
             Slain by SlightEye's ghost (5 damage)
             ... on level 4 of the Dungeon.
             The game lasted 00:14:28 (3426 turns).

Fascinator the Covered (Gnoll Wanderer)             Turns: 3426, Time: 00:14:29

Health: -1/56      AC:  6    Str: 17    XL:     7   Next: 24%
Magic:  12/12      EV: 12    Int: 19    God:
Gold:   159        SH:  0    Dex: 14    Spells: 9/13 levels left

rFire    + . .     SeeInvis +   c - +0 dagger
rCold    + + .     Gourm    .   (no shield)
rNeg     . . .     Faith    .   l - +0 troll leather armour
rPois    +         Spirit   .   y - +0 helmet {SInv}
rElec    +         Reflect  .   (no cloak)
rCorr    +         Harm     .   (no gloves)
MR       .....                  (no boots)
Stlth    ++........             (no amulet)
HPRegen  0.58/turn              w - ring of protection from cold
MPRegen  0.13/turn              (no ring)

@: mighty, lethally poisoned (-1 -> -2), resistant, drained
A: distributed training, fangs 1, strong nose
a: no special abilities


You were on level 4 of the Dungeon.
You were not hungry.

You visited 1 branch of the dungeon, and saw 4 of its levels.

You collected 159 gold pieces.

Inventory:

Hand Weapons
 c - a +0 dagger (weapon)
Armour
 d - a +0 robe
 l - a +0 troll leather armour (worn)
 m - a cursed -1 shield
 y - a +0 helmet of see invisible (worn)
Jewellery
 w - a ring of protection from cold (left hand)
Wands
 x - a wand of acid (9)
Scrolls
 h - 2 scrolls of magic mapping {unknown}
 i - 3 scrolls of enchant weapon {unknown}
 j - a scroll of amnesia {unknown}
 n - 2 scrolls of remove curse {unknown}
 o - 2 scrolls of fog {unknown}
 q - a scroll of identify {unknown}
Potions
 v - a potion of degeneration {unknown}
 z - a potion of berserk rage {unknown}
Books
 a - a book of Flames

   Spells                             Type                      Level
   a - Flame Tongue                   Conjuration/Fire             1
   b - Throw Flame                    Conjuration/Fire             2
   c - Conjure Flame                  Conjuration/Fire             3
   d - Inner Flame                    Hexes/Fire                   3
   e - Sticky Flame                   Conjuration/Fire             4
   f - Fireball                       Conjuration/Fire             5
 b - the Disquisition on Weightlessness

   Spells                             Type                      Level
   a - Shock                          Conjuration/Air              1
   b - Static Discharge               Conjuration/Air              3
Comestibles
 f - a ration


   Skills:
 + Level 5.1(4.8) Fighting
 + Level 2.3(2.0) Short Blades
 + Level 2.3(2.0) Long Blades
 + Level 3.5(3.2) Axes
 + Level 2.3(2.0) Maces & Flails
 + Level 2.3(2.0) Polearms
 + Level 2.3(2.0) Staves
 + Level 2.3(2.0) Slings
 + Level 2.3(2.0) Bows
 + Level 2.3(2.0) Crossbows
 + Level 2.3(2.0) Throwing
 + Level 5.1(4.8) Armour
 + Level 2.3(2.0) Dodging
 + Level 3.3(3.0) Stealth
 + Level 3.5(3.2) Shields
 + Level 2.3(2.0) Unarmed Combat
 + Level 3.7(3.3) Spellcasting
 + Level 1.9(1.6) Conjurations
 + Level 1.9(1.6) Hexes
 + Level 1.9(1.6) Charms
 + Level 1.9(1.6) Summonings
 + Level 1.9(1.6) Necromancy
 + Level 1.9(1.6) Translocations
 + Level 1.9(1.6) Transmutations
 + Level 4.2(3.9) Fire Magic
 + Level 1.9(1.6) Ice Magic
 + Level 1.9(1.6) Air Magic
 + Level 1.9(1.6) Earth Magic
 + Level 1.9(1.6) Poison Magic
 + Level 2.5(2.3) Invocations
 + Level 2.3(2.0) Evocations


You had 9 spell levels left.
You knew the following spells:

 Your Spells              Type           Power        Failure   Level  Hunger
a - Flame Tongue          Conj/Fire      ##...        5%          1    None
b - Conjure Flame         Conj/Fire      ##......     17%         3    ###....


Dungeon Overview and Level Annotations

Branches:
Dungeon (4/15)
 Temple: D:4-7

Altars:
Qazlal
Ru
Xom

Annotations:
D:4 SlightEye's ghost, novice FoAM


Innate Abilities, Weirdness & Mutations

Your experience applies equally to all skills.
You have very sharp teeth.
Your uncanny sense of smell can sniff out nearby items.


Message History

You feel sick. SlightEye's ghost closely misses you.
You hit SlightEye's ghost. Your punch misses SlightEye's ghost.
SlightEye's ghost is moderately damaged.
You feel sick. SlightEye's ghost closely misses you.
You barely miss SlightEye's ghost.
SlightEye's ghost is moderately damaged.
You feel sick.
You puncture SlightEye's ghost! You bite SlightEye's ghost.
SlightEye's ghost is heavily damaged.
You feel sick.
SlightEye's ghost hits you but does no damage.
You puncture SlightEye's ghost!
SlightEye's ghost is severely damaged.
You feel sick. SlightEye's ghost casts a spell at you.
You resist with significant effort.
You closely miss SlightEye's ghost.
SlightEye's ghost is severely damaged.
You feel sick. SlightEye's ghost hits you.
You die...

#.......## #.......
##.......## #......
#........## #.....
###.(.....## ##....
###......## ### ##.....
###.....## #..####......
###....##
###[..........#.
###...###............#.รท
###..@W..............#
#..##..............#
##..##...............
#..###...............
##.## #...............
#..# #..W............
##.## #.............##
#####..# ##............#
##.....## ####.........##


You could see SlightEye's ghost.

Vanquished Creatures
  Edmund (D:4)
  A centaur (D:4)
  A scorpion (D:4)
  2 hounds (D:4)
  A worker ant (D:4)
  Natasha (thrice) (D:3)
  A howler monkey skeleton (D:4)
  6 adders
  An ooze (D:3)
  3 worms
  2 dart slugs
  A leopard gecko (D:2)
  7 bats
  4 giant cockroaches
  5 goblins
  6 hobgoblins
  3 quokkas
  2 ball pythons (D:3)
  3 frilled lizards
  A kobold (D:3)
  6 rats
60 creatures vanquished.

Notes
Turn   | Place    | Note
-------+----------+-------------------------------------------
     0 | D:1      | Fascinator the Gnoll Wanderer began the quest for the Orb.
     0 | D:1      | Fascinator set off with: a book of Flames, the Disquisition on Weightlessness, a +0 hand axe, a +0 robe, a ration
     0 | D:1      | Reached XP level 1. HP: 20/20 MP: 4/4
     0 | D:1      | Identified the Disquisition on Weightlessness
     2 | D:1      | Learned a level 1 spell: Flame Tongue
   175 | D:1      | Reached XP level 2. HP: 26/26 MP: 3/5
   569 | D:2      | Reached XP level 3. HP: 31/31 MP: 0/7
   671 | D:2      | Reached skill level 1 in Invocations
   828 | D:2      | Reached skill level 1 in Short Blades
   828 | D:2      | Reached skill level 1 in Long Blades
   828 | D:2      | Reached skill level 1 in Maces & Flails
   828 | D:2      | Reached skill level 1 in Polearms
   828 | D:2      | Reached skill level 1 in Staves
   828 | D:2      | Reached skill level 1 in Slings
   828 | D:2      | Reached skill level 1 in Bows
   828 | D:2      | Reached skill level 1 in Crossbows
   828 | D:2      | Reached skill level 1 in Throwing
   828 | D:2      | Reached skill level 1 in Dodging
   828 | D:2      | Reached skill level 1 in Unarmed Combat
   828 | D:2      | Reached skill level 1 in Evocations
   828 | D:2      | Reached XP level 4. HP: 38/38 MP: 4/8
   839 | D:2      | Found a sacrificial altar of Ru.
   920 | D:2      | Found a shimmering altar of Xom.
  1136 | D:2      | Found a stormy altar of Qazlal.
  1480 | D:3      | Learned a level 3 spell: Conjure Flame
  1598 | D:3      | Reached skill level 1 in Conjurations
  1598 | D:3      | Reached skill level 1 in Hexes
  1598 | D:3      | Reached skill level 1 in Charms
  1598 | D:3      | Reached skill level 1 in Summonings
  1598 | D:3      | Reached skill level 1 in Necromancy
  1598 | D:3      | Reached skill level 1 in Translocations
  1598 | D:3      | Reached skill level 1 in Transmutations
  1598 | D:3      | Reached skill level 1 in Ice Magic
  1598 | D:3      | Reached skill level 1 in Air Magic
  1598 | D:3      | Reached skill level 1 in Earth Magic
  1598 | D:3      | Reached skill level 1 in Poison Magic
  1820 | D:3      | Noticed Natasha
  1831 | D:3      | Killed Natasha
  1831 | D:3      | Reached XP level 5. HP: 28/43 MP: 0/9
  1905 | D:3      | Noticed Natasha
  1908 | D:3      | Killed Natasha
  1961 | D:3      | Noticed Natasha
  1968 | D:3      | Killed Natasha
  2160 | D:4      | Noticed a centaur
  2169 | D:4      | Killed a centaur
  2169 | D:4      | Reached XP level 6. HP: 48/50 MP: 3/11
  2250 | D:4      | Noticed SlightEye's ghost (novice FoAM)
  2251 | D:4      | Noticed Edmund
  2453 | D:4      | Reached skill level 5 in Fighting
  2453 | D:4      | Reached skill level 5 in Armour
  2809 | D:4      | Killed Edmund
  2809 | D:4      | Reached XP level 7. HP: 39/56 MP: 0/12
  3417 | D:4      | HP: 2/56 [SlightEye's ghost (13)]
  3426 | D:4      | Slain by SlightEye's ghost

Skill      XL: |  1  2  3  4  5  6 |
---------------+-------------------+-----
Invocations    | 1 2 |  2.5
Short Blades   | 1 2 |  2.3
Long Blades    | 1 2 |  2.3
Maces & Flails | 1 2 |  2.3
Polearms       | 1 2 |  2.3
Staves         | 1 2 |  2.3
Slings         | 1 2 |  2.3
Bows           | 1 2 |  2.3
Crossbows      | 1 2 |  2.3
Throwing       | 1 2 |  2.3
Dodging        | 1 2 |  2.3
Unarmed Combat | 1 2 |  2.3
Evocations     | 1 2 |  2.3
Spellcasting   | 3 |  3.7
Conjurations   | 1 |  1.9
Hexes          | 1 |  1.9
Charms         | 1 |  1.9
Summonings     | 1 |  1.9
Necromancy     | 1 |  1.9
Translocations | 1 |  1.9
Transmutations | 1 |  1.9
Ice Magic      | 1 |  1.9
Air Magic      | 1 |  1.9
Earth Magic    | 1 |  1.9
Poison Magic   | 1 |  1.9
Axes           | 3 |  3.5
Shields        | 3 |  3.5
Fire Magic     | 4 |  4.2
Stealth        | 3 |  3.3
Fighting       | 5 |  5.1
Armour         | 5 |  5.1

Action                   |  1- 3 |  4- 6 |  7- 9 || total
-------------------------+-------+-------+-------++-------
Melee: Dagger            |    25 |    65 |    21 ||   111
       Bite              |     2 |     6 |     2 ||    10
 Cast: Flame Tongue      |    38 |    80 |     4 ||   122
       Conjure Flame     |       |     3 |     3 ||     6
  Use: Potion            |       |       |    10 ||    10
       Scroll            |       |       |     1 ||     1
 Stab: Sleeping          |       |     1 |     1 ||     2
  Eat: Chunk             |       |     3 |       ||     3
       Ration            |       |     1 |     1 ||     2
Armor: Troll leather arm |     7 |    27 |     6 ||    40
       Robe              |     1 |       |       ||     1
Dodge: Dodged            |    25 |    83 |     9 ||   117
